AoeStats
← CNZS_carlar

Arena

510487211Analyzed
4v4 RM · 16h ago on Oct 1, 2026· 41m 4s· 8 players
Game mode
Random Map
Map size
Large (8 player)
Population
200
Speed
Normal
Resources
Standard
Victory
Conquest
Starting age
Dark Age
Ending age
Imperial Age
RankedLock teamsTeams togetherTeam positionsShared explorationLock speedFull tech treeHidden civsTurbo modeCheats
Victory
Defeat
🇹🇼 Gurjaras · Taiwan
1307
+10
🇩🇪 Khmer · Germany
1203
+14
🇦🇿 Persians · Azerbaijan
1193
+14
🇭🇰 Saxons · Hong Kong SAR China
1141
+17
🇦🇺 Wei · Australia
1215
-16
🇨🇳 Chinese · China
1161
-14
🇸🇬 Slavs · Singapore
1139
-13
🇨🇦 Teutons · Canada
1106
-12
Sean
1:59 Loom
11:21 Feudal Age
15:10 Castle Age
13:31 Double-Bit Axe
13:29 Horse Collar
16:24 Bow Saw
17:58 Wheelbarrow
21:20 Heavy Plow
22:03 Hand Cart
22:15 Gold Mining
23:03 Stone Mining
25:24 Stone Shaft Mining
29:13 Imperial Age
28:51 Stone Shaft Mining
28:32 Scale Barding Armor
28:49 Bloodlines
29:51 Chain Barding Armor
29:23 Cavalier
32:14 Chemistry
32:03 Plate Barding Armor
31:27 Paladin
32:24 Forging
32:12 Heavy Scorpion
34:50 Iron Casting
34:46 Conscription
36:37 Blast Furnace
38:21 Siege Engineers
38:37 Ballistics
and0ng
11:15 Feudal Age
12:24 Double-Bit Axe
12:24 Horse Collar
13:24 Man-at-Arms
14:19 Forging
19:51 Scale Mail Armor
20:09 Fletching
20:39 Gold Mining
21:13 Stone Mining
22:16 Wheelbarrow
22:27 Loom
25:56 Castle Age
24:36 Scale Barding Armor
24:44 Bloodlines
26:04 Pikeman
27:26 Iron Casting
27:12 Chain Barding Armor
27:31 Chain Mail Armor
30:23 Imperial Age
29:21 Chain Mail Armor
29:54 Bow Saw
30:07 Squires
30:05 Bodkin Arrow
31:26 Town Watch
32:45 Blast Furnace
32:15 Plate Mail Armor
33:07 Conscription
34:18 Gold Shaft Mining
34:16 Halberdier
37:05 Town Patrol
39:22 Two-Man Saw
38:11 Onager
40:49 Hand Cart
CNZS_carlar
10:19 Feudal Age
13:59 Castle Age
12:38 Double-Bit Axe
22:37 Horse Collar
22:50 Gold Mining
23:56 Wheelbarrow
Ashweight
9:42 Feudal Age
10:12 Double-Bit Axe
10:08 Horse Collar
10:19 Gold Mining
11:10 Stone Mining
17:27 Castle Age
18:18 Wheelbarrow
18:30 Bow Saw
18:21 Heavy Plow
18:59 Gold Shaft Mining
20:54 Loom
22:04 Town Watch
22:46 Hand Cart
25:21 Stone Shaft Mining
28:18 Imperial Age
27:36 Forging
27:31 Scale Barding Armor
28:05 Husbandry
28:26 Bloodlines
29:21 Iron Casting
28:30 Heavy Hei Guang Cavalry
30:33 Crop Rotation
30:40 Chain Barding Armor
34:42 Blast Furnace
34:09 Ming Guang Armor
34:38 Tuntian
35:00 Conscription
34:34 Fletching
34:58 Masonry
38:25 Pikeman
39:05 Squires
39:07 Halberdier
40:30 Ballistics
41:10 Chemistry
40:44 Scale Mail Armor
40:41 Bodkin Arrow
I have Gun
10:28 Feudal Age
12:03 Double-Bit Axe
14:32 Castle Age
12:18 Horse Collar
15:46 Bow Saw
16:59 Wheelbarrow
23:51 Hand Cart
26:08 Scale Barding Armor
26:13 Forging
27:41 Chain Barding Armor
29:52 Imperial Age
27:21 Loom
27:21 Town Watch
28:53 Iron Casting
29:12 Kamandaran
29:32 Caravan
29:57 Devotion
30:22 Elite War Elephant
31:23 Conscription
31:18 Citadels
32:11 Blast Furnace
31:46 Plate Barding Armor
31:31 Heavy Plow
33:34 Crop Rotation
36:55 Bloodlines
36:45 Husbandry
39:35 Cavalier
NoYc..
10:15 Feudal Age
10:51 Feudal Age
14:10 Castle Age
12:16 Double-Bit Axe
13:57 Horse Collar
15:15 Bow Saw
19:04 Loom
24:22 Wheelbarrow
23:34 Town Watch
23:42 Stone Mining
25:00 Stone Shaft Mining
24:30 Gold Mining
25:53 Gold Shaft Mining
26:15 Hand Cart
29:26 Imperial Age
28:16 Ballistics
28:18 Tusk Swords
28:09 Fletching
28:22 Padded Archer Armor
28:41 Town Patrol
29:08 Bodkin Arrow
30:07 Leather Archer Armor
30:15 Bloodlines
30:06 Husbandry
30:46 Hoardings
29:42 Elite Ballista Elephant
30:53 Double Crossbow
30:56 Heavy Plow
32:07 Chemistry
31:18 Masonry
32:44 Bracer
33:00 Scale Barding Armor
33:35 Hoardings
34:30 Coinage
34:55 Chain Barding Armor
36:00 Architecture
35:42 Fortified Wall
36:11 Plate Barding Armor
37:59 Ring Archer Armor
37:40 Forging
38:08 Light Cavalry
39:23 Siege Engineers
39:09 Heated Shot
39:09 Guard Tower
40:45 Iron Casting
waitmanshu
10:08 Feudal Age
9:05 Loom
14:15 Castle Age
12:52 Double-Bit Axe
15:20 Bow Saw
15:10 Horse Collar
19:01 Wheelbarrow
27:13 Sanctity
28:14 Gold Mining
30:50 Scale Barding Armor
30:55 Forging
34:50 Imperial Age
33:21 Chain Barding Armor
33:36 Iron Casting
33:14 Bloodlines
33:04 Husbandry
33:47 Murder Holes
34:36 Kshatriyas
35:22 Hand Cart
35:30 Heavy Plow
36:19 Plate Barding Armor
35:06 Elite Shrivamsha Rider
36:29 Conscription
36:47 Scale Mail Armor
38:40 Frontier Guards
38:43 Caravan
40:50 Siege Elephant
Futou Juhan
7:15 Loom
11:14 Feudal Age
12:21 Double-Bit Axe
12:53 Horse Collar
15:21 Castle Age
13:31 Stone Mining
17:49 Bow Saw
18:31 Gold Mining
18:24 Horse Collar
27:03 Squires
27:33 Forging
31:15 Pikeman
36:42 Imperial Age
34:50 Wheelbarrow
34:16 Heavy Plow
34:15 Gambesons
34:19 Arson
35:43 Iron Casting
35:09 Scale Mail Armor
38:04 Conscription
37:12 Elite Hearth Troop
37:14 Shield Wall
37:39 Halberdier
38:50 Hand Cart
40:32 Two-Man Saw
40:36 Chain Mail Armor
40:58 Crop Rotation
41:56 Plate Mail Armor
Connection lost

Rejoining the realm…

Still unreachable

The connection could not be restored.

Session expired

The server has moved on; the page needs a fresh start.